 Dungeon Crawl Stone Soup version 0.31.0-11-ge490571c62 (webtiles) character file.

Game seed: 4136221982180065945

500 jasper the Chopper (level 6, -1/44 HPs)
             Began as a Vampire Gladiator on Jan 31, 2024.
             Slain by an iguana (7 damage)
             ... on level 6 of the Dungeon.
             The game lasted 00:04:50 (1706 turns).

jasper the Chopper (Vampire Gladiator)              Turns: 1706, Time: 00:04:50

Health: -1/44      AC:  7    Str: 15    XL:     6   Next: 94%
Magic:  6/6        EV: 11    Int: 11    God:
Gold:   116        SH:  0    Dex: 15    Spells: 5/5 levels left

rFire   . . .        a - +1 war axe
rCold   + . .        (no shield)
rNeg    . . .        i - +0 ring mail {rC+}
rPois   .            c - +1 helmet
rElec   .            (no cloak)
rCorr   .            (no gloves)
SInv    +            (no boots)
Will    .....        (no amulet)
Stlth   +            (no ring)
HPRegen 0.47/turn    (no ring)
MPRegen 0.10/turn

%: no passive effects
@: healing quickly
A: alive, fangs 3, see invisible, vampiric 2
a: Exsanguinate


You were on level 6 of the Dungeon.
You visited 1 branch of the dungeon, and saw 5 of its levels.

You collected 116 gold pieces.

Inventory:

Hand Weapons
 a - a +1 war axe (weapon)
 p - a +1 whip of electrocution
Missiles
 d - a throwing net
 e - a javelin
 k - 10 poisoned darts
 l - 12 stones (quivered)
Armour
 b - a +0 leather armour
 c - a +1 helmet (worn)
 i - a +0 ring mail of cold resistance (worn)
 j - a +0 ring mail
Scrolls
 h - a scroll of teleportation
 q - a scroll of enchant weapon
 r - a scroll of fear
 s - a scroll of amnesia
Potions
 f - a potion of cancellation
 g - 2 potions of haste
 m - a potion of brilliance
 n - a potion of ambrosia
 o - a potion of might {unknown}


   Skills:
 - Level 1.7 Fighting
 + Level 7.2 Axes
 - Level 1.5 Throwing
 - Level 3.2 Dodging


You had 5 spell levels left.
You didn't know any spells.
Your spell library was empty.

Dungeon Overview and Level Annotations

Branches:
Dungeon (6/15)
 Temple: D:4-7

Altars:

Annotations:
D:4 Blork the orc


Innate Abilities, Weirdness & Mutations

Your natural rate of healing is accelerated.
You have razor-sharp teeth.
You have supernaturally acute eyesight. (SInv)
You are afflicted with vampirism and can become a bat while bloodless.


Message History

You hit the iguana but do no damage. The centaur barely misses you.
The centaur kicks you. The iguana bites you. The centaur barely misses you.
The centaur kicks you.
Unknown command.
You barely miss the centaur.
The centaur is almost dead.
You barely miss the iguana. The centaur closely misses you.
The centaur kicks you but does no damage.
The iguana bites you but does no damage.
The iguana barely misses you. The centaur barely misses you.
The centaur kicks you but does no damage.
Unknown command.
Unknown command.
You barely miss the centaur.
The centaur is almost dead.
You slash the iguana! The centaur misses you. The centaur barely misses you.
The iguana bites you.
Unknown command.
Unknown command.
You closely miss the centaur.
The centaur is almost dead.
You hit the iguana but do no damage. The centaur hits you.
The centaur closely misses you. x2; The centaur barely misses you.
The iguana bites you but does no damage.
Unknown command.
Unknown command.
You completely miss the centaur.
The centaur is almost dead.
You hit the iguana.
The centaur hits you but does no damage.
The centaur barely misses you. The iguana bites you.
* * * LOW HITPOINT WARNING * * *
The centaur completely misses you. The centaur barely misses you.
Unknown command.
You hit the centaur but do no damage.
The centaur is almost dead.
You barely miss the iguana. The centaur hits you.
* * * LOW HITPOINT WARNING * * *
The centaur misses you. The iguana bites you!
You die...

...........#
..........#
.........#
#........#
#........#
#...(....#
#..lc....# ...
#...@....#....
#....#####....
#####.........
#......[.#
#........#
#).......#
####)........
######..<)........
#......##.........
#


You could see a centaur and an iguana.

Vanquished Creatures
  2 ogres
  A bullfrog (D:6)
  A scorpion (D:6)
  An orc priest (D:5)
  Jessica (D:2)
  2 orc wizards
  4 adders
  8 orcs
  10 ball pythons
  3 endoplasms
  4 giant cockroaches
  4 goblins
  4 hobgoblins
  3 jackals (D:1)
  4 quokkas
  6 bats
  4 frilled lizards
  3 kobolds
  7 rats
72 creatures vanquished.

Notes
Turn   | Place    | Note
-------+----------+-------------------------------------------
     0 | D:1      | jasper the Vampire Gladiator began the quest for the Orb.
     0 | D:1      | Reached XP level 1. HP: 16/16 MP: 1/1
    40 | D:1      | Reached skill level 3 in Axes
   206 | D:1      | Reached XP level 2. HP: 22/22 MP: 2/2
   642 | D:1      | Gained mutation: You are afflicted with vampirism and can
                  | become a bat while bloodless. [Vampire growth]
   642 | D:1      | Reached XP level 3. HP: 27/27 MP: 3/3
   882 | D:2      | Reached skill level 4 in Axes
   884 | D:2      | Noticed Jessica
   895 | D:2      | Killed Jessica
   936 | D:2      | Reached XP level 4. HP: 33/33 MP: 4/4
  1089 | D:2      | Reached skill level 5 in Axes
  1316 | D:2      | You fall into a shaft and drop 2 floors!
  1323 | D:4      | Noticed Blork the orc
  1330 | D:5      | Entered Level 5 of the Dungeon
  1360 | D:5      | Reached XP level 5. HP: 38/38 MP: 5/5
  1360 | D:5      | Noticed an ogre
  1365 | D:5      | Noticed an ogre
  1413 | D:5      | Killed an ogre
  1420 | D:6      | Noticed an ogre
  1428 | D:6      | Killed an ogre
  1429 | D:6      | Reached skill level 6 in Axes
  1429 | D:6      | Reached XP level 6. HP: 44/44 MP: 6/6
  1607 | D:6      | Reached skill level 7 in Axes
  1706 | D:6      | Slain by an iguana

Illustrated notes

Levels and vault maps discovered:
D:1:      lightli_arrival_lavapool, layout_basic
D:2:      layout_loops_ring, minmay_split_cup_large, uniq_jessica
D:4:      layout_rooms, minmay_close_crescents, uniq_blork_the_orc,
          uniq_sigmund, uniq_robin, uniq_eustachio
D:5:      layout_basic, gammafunk_temple_overflow_forgotten,
          gammafunk_ghost_grave
D:6:      layout_basic, minmay_misc_feat_nine_boxes,
          kennysheep_opposing_triangles

Skill      XL: |  1  2  3  4  5  6 |
---------------+-------------------+-----
Axes           | 3 4 5 6 7 |  7.2
Fighting       | |  1.7
Throwing       | |  1.5
Dodging        | |  3.2

Action                     |  1- 3 |  4- 6 || total
---------------------------+-------+-------++-------
  Melee: War axe           |    72 |   107 ||   179
         Bite              |    10 |    10 ||    20
         Punch             |     1 |     1 ||     2
  Throw: Throwing net      |     2 |     3 ||     5
         Stone             |       |     1 ||     1
    Use: Scroll            |     5 |     6 ||    11
   Stab: Sleeping          |     2 |       ||     2
         Held in net/web   |     1 |       ||     1
 Armour: Leather armour    |    48 |     5 ||    53
         Ring mail         |       |   102 ||   102
  Dodge: Dodged            |    50 |    87 ||   137
